 Dungeon Crawl Stone Soup version 0.23.2-40-g277498a001 (webtiles) character file.

Game seed: 5413087616128874445

91 Marnok the Covered (level 4, -2/40 HPs)
             Began as a Hill Orc Fighter on Oct 17, 2019.
             Killed by divine providence
             ... invoked by an orc priest
              (10 damage)
             ... on level 2 of the Dungeon.
             The game lasted 00:07:57 (2428 turns).

Marnok the Covered (Hill Orc Fighter)               Turns: 2428, Time: 00:07:59

Health: -2/40      AC:  4    Str: 18      XL:     4   Next: 59%
Magic:  4/4        EV:  7    Int:  9 (11) God:
Gold:   47         SH:  9    Dex: 10      Spells: 3/3 levels left

rFire    . . .     SeeInvis .   a - +0 trident
rCold    . . .     Gourm    .   j - +0 shield
rNeg     . . .     Faith    .   b - +0 scale mail
rPois    .         Spirit   .   (no helmet)
rElec    .         Reflect  .   (no cloak)
rCorr    .         Harm     .   (no gloves)
MR       .....                  (no boots)
Stlth    ..........             (no amulet)
HPRegen  0.13/turn              (no ring)
MPRegen  0.09/turn              (no ring)

@: starving
A: talons 1, clever 1, deformed body, deterioration 1
a: Convert to Beogh


You were on level 2 of the Dungeon.
You were starving.

You visited 1 branch of the dungeon, and saw 3 of its levels.

You collected 47 gold pieces.

Inventory:

Hand Weapons
 a - a +0 trident (weapon)
Missiles
 i - 5 tomahawks of dispersal (quivered)
Armour
 b - a +0 scale mail (worn)
 j - a +0 shield (worn)
Jewellery
 p - an uncursed ring of teleportation
Scrolls
 c - a scroll of identify
Potions
 e - a potion of magic
 o - a potion of cancellation
Comestibles
 f - 2 rations


   Skills:
 + Level 4.0 Fighting
 + Level 3.2 Polearms
 + Level 4.3 Armour
 + Level 0.3 Dodging
 + Level 3.9 Shields


You had 3 spell levels left.
You didn't know any spells.
Your spell library was empty.

Dungeon Overview and Level Annotations

Branches:
Dungeon (3/15)

Altars:
Dithmenos
Gozag
Nemelex Xobeh
Uskayaw


Innate Abilities, Weirdness & Mutations

You have sharp toenails.
Your mind is acute. (Int +2)
Armour fits poorly on your strangely shaped body.
Your body sometimes deteriorates upon taking damage.


Message History

You hit the orc priest.
You claw the orc priest, but do no damage.
The orc priest is heavily wounded.
The orc priest hits you with a +0 dagger.
* * * LOW HITPOINT WARNING * * *
You closely miss the orc priest.
The orc priest is heavily wounded.
The orc priest shouts, "Join the one true god or die!"
The orc priest hits you but does no damage.
You closely miss the orc priest.
The orc priest is heavily wounded.
The orc priest shouts, "Beogh is our master!
Accept the truth or die!"
You block the orc priest's attack.
You closely miss the orc priest.
The orc priest shouts, "Join the one true god or die!"
You claw the orc priest, but do no damage.
The orc priest is heavily wounded.
The orc priest invokes the aid of Beogh against you.
Beogh smites you!
You die...

#.............# #.###########.#
#.# #.# ###########.# #.#
#....)......# ### #.#
#.......#.#.# #<# #.#
#.......#.#.# #.# #.#
########'######.#o#####.#####.###
................@%...............
......##.##.###.#.#####.#####.#.#
......##.##(......# #.# #.#.#
..................## #.# #.#.#
....).##.##........# #.# #.#.#
......##.##......### #.# #.#.#
#####'##.##.#....# #.# #.#.#
.......#.##.#....# #.#####.#.#
.......#'##.#....# #..........


You could see an orc priest.

Vanquished Creatures
  3 adders
  A worm (D:2)
  2 dart slugs (D:1)
  4 orcs
  7 hobgoblins
  6 jackals (D:1)
  A quokka (D:2)
  2 bats
  3 frilled lizards (D:1)
  6 goblins
  9 kobolds
  7 rats
51 creatures vanquished.

Notes
Turn   | Place    | Note
-------+----------+-------------------------------------------
     0 | D:1      | Marnok the Hill Orc Fighter began the quest for the Orb.
     0 | D:1      | Reached XP level 1. HP: 19/19 MP: 1/1
   138 | D:1      | Reached XP level 2. HP: 25/27 MP: 2/2
   602 | D:1      | Reached XP level 3. HP: 27/33 MP: 3/3
  1259 | D:2      | Found a shadowy altar of Dithmenos.
  1328 | D:2      | Found a sparkling altar of Nemelex Xobeh.
  1329 | D:2      | Found an opulent altar of Gozag.
  1545 | D:2      | Found a hide-covered altar of Uskayaw.
  1567 | D:2      | Reached XP level 4. HP: 31/40 MP: 4/4
  1976 | D:3      | Gained mutation: Your body sometimes deteriorates upon
                  | taking damage. [potion of mutation]
  1976 | D:3      | Gained mutation: You have sharp toenails. [potion of
                  | mutation]
  1976 | D:3      | Gained mutation: Armour fits poorly on your strangely
                  | shaped body. [potion of mutation]
  1976 | D:3      | Gained mutation: Your mind is acute. (Int +2) [potion of
                  | mutation]
  2428 | D:2      | Killed from afar by an orc priest

Skill      XL: |  1  2  3  4 |
---------------+-------------+-----
Armour         | 4 |  4.3
Polearms       | 3 |  3.2
Fighting       | 4 |  4.0
Dodging        | |  0.3
Shields        | |  3.9

Action                   |  1- 3 |  4- 6 || total
-------------------------+-------+-------++-------
Melee: Trident           |   153 |    53 ||   206
       Kick              |       |     8 ||     8
Throw: Tomahawk          |       |     1 ||     1
  Use: Scroll            |       |     6 ||     6
       Potion            |       |     2 ||     2
  Eat: Chunk             |     2 |     1 ||     3
Armor: Scale mail        |    89 |    25 ||   114
Dodge: Dodged            |    66 |    21 ||    87
Block: Shield            |   102 |    37 ||   139
